 Dungeon Crawl Stone Soup version 0.22-a0-99-g1ac4c55 (webtiles) character file.

25 sankara the Ruffian (level 2, 0/24 HPs)
             Began as a Draconian Transmuter on Jan 25, 2018.
             Succumbed to a kobold's poison
             ... on level 2 of the Dungeon.
             The game lasted 00:05:50 (1421 turns).

sankara the Ruffian (Draconian Transmuter)          Turns: 1421, Time: 00:05:51

Health: 0/24       AC:  4    Str: 12    XL:     2   Next: 82%
Magic:  4/5        EV: 12    Int: 13    God:
Gold:   60         SH:  0    Dex: 11    Spells: 2/5 levels left

rFire    . . .     SeeInvis .     - Unarmed
rCold    . . .     Gourm    .   (no shield)
rNeg     . . .     Faith    .   (armour unavailable)
rPois    .         Spirit   .   (helmet restricted)
rElec    .         Reflect  .   (no cloak)
rCorr    .         Harm     .   (no gloves)
MR       .....                  (no boots)
Stlth    +.........             (no amulet)
HPRegen  0.08/turn              (no ring)
MPRegen  0.09/turn              (no ring)

@: lethally poisoned (0 -> -9), appendage
A: unfitting armour, horns 2, cold-blooded, AC +4
a: End Transformation


You were on level 2 of the Dungeon.
You were not hungry.
You had grown temporary horns.
You visited 1 branch of the dungeon, and saw 2 of its levels.

You collected 60 gold pieces.

Inventory:

Hand Weapons
 k - a +2 dagger of venom
Missiles
 a - 30 arrows
 f - 53 stones (quivered)
 g - 3 javelins
 h - 8 tomahawks
Armour
 i - a +0 large shield
Jewellery
 d - a +2 ring of protection {unknown}
Scrolls
 e - a scroll of identify {unknown}
 j - a scroll of remove curse {unknown}
Books
 b - a book of Changes

   Spells                             Type                      Level
   a - Beastly Appendage              Transmutation                1
   b - Sticks to Snakes               Transmutation                2
   c - Spider Form                    Transmutation/Poison         3
   d - Ice Form                       Ice/Transmutation            4
   e - Blade Hands                    Transmutation                5


   Skills:
 + Level 1.7 Fighting
 - Level 1.7 Dodging
 * Level 3.6 Unarmed Combat
 - Level 2.0 Spellcasting
 + Level 2.4 Transmutations


You had 2 spell levels left.
You knew the following spells:

 Your Spells              Type           Power        Failure   Level  Hunger
a - Beastly Appendage     Tmut           #.....       10%         1    ##.....
b - Sticks to Snakes      Tmut           #.......     14%         2    ###....


Dungeon Overview and Level Annotations

Branches:
Dungeon (2/15)

Altars:

Annotations:
D:2 Natasha


Innate Abilities, Weirdness & Mutations

Your plain brown scales are hard. (AC +4)
You cannot fit into any form of body armour.
You are cold-blooded and may be slowed by cold attacks.
You have a pair of horns on your head.


Message History

Okay, then.
Okay, then.
You eat the ration.
That ration really hit the spot!
* * * LOW HITPOINT WARNING * * *
You feel sick.
You aren't carrying any food.
There isn't anything here!
Unknown command.
You aren't carrying any food.
Unknown command.
You aren't carrying any food.
Unknown command.
* * * LOW HITPOINT WARNING * * *
You feel sick.
* * * LOW HITPOINT WARNING * * *
You feel sick.
* * * LOW HITPOINT WARNING * * *
You feel sick.
You aren't carrying any potions.
You die...

#.# #.# #.#
#.# ..
#.####.#
#.#....#
#...# #.###
#@# ##†#
######..#
#.K(....#
#....#####.#
#....#. #.#
# #... ..
#.# .# #..
..# #.# .#
#. .#. ...
######.#


There were no monsters in sight!

Vanquished Creatures
  A dart slug (D:1)
  2 bats (D:1)
  3 goblins (D:1)
  2 hobgoblins (D:1)
  6 jackals (D:1)
  4 kobolds
  2 rats (D:1)
20 creatures vanquished.

Notes
Turn   | Place    | Note
-------+----------+-------------------------------------------
     0 | D:1      | sankara the Draconian Transmuter began the quest for the Orb.
     0 | D:1      | Reached XP level 1. HP: 16/16 MP: 3/3
   324 | D:1      | Reached XP level 2. HP: 23/23 MP: 3/5
   372 | D:1      | Learned a level 2 spell: Sticks to Snakes
  1291 | D:2      | Noticed Natasha
  1420 | D:2      | HP: 1/24 [poisoned by a kobold]
  1421 | D:2      | Succumbed to a kobold's poison

Vault maps used:
D:1:      shiori_arrival_oz, minmay_misc_feat_hallway
D:2:      uniq_natasha, uniq_sigmund

Action                   || total
-------------------------++-------
Melee: Unarmed           ||    68
       Tailslap          ||     8
       Kick              ||     3
       Headbutt          ||     3
Throw: Stone             ||    15
 Cast: Beastly Appendage ||    15
  Eat: Ration            ||     1
       Chunk             ||     1
Armor: Skin              ||    21
Dodge: Dodged            ||    46

Table legend:
 A = Spawn XP
 B = Non-spawn XP
 C = Spawn XP percentage of total XP
 D = Spawn monster count
 E = Non-spawn monster count
 F = Spawn count percentage of total count
 G = Total turns spent on level
                    A         B        C        D         E        F      G
               +---------+---------+-------+---------+---------+-------+---------
         Total |       0 |      36 |   0.0 |       0 |      20 |   0.0 |  1421
               +---------+---------+-------+---------+---------+-------+---------
           D:1 |       0 |      34 |   0.0 |       0 |      18 |   0.0 |  1384
           D:2 |       0 |       2 |   0.0 |       0 |       2 |   0.0 |    37
               +---------+---------+-------+---------+---------+-------+---------
